 Dungeon Crawl Stone Soup version 0.30-a0-782-ge64f9170bb (webtiles) character file.

Game seed: 6925504795243335968

77 theswoord the Shooter (level 4, -1/25 HPs)
             Began as a Deep Elf Hunter on Feb 23, 2023.
             Slain by Terence
             ... wielding a +0 flail
              (4 damage)
             ... on level 2 of the Dungeon.
             The game lasted 00:01:36 (1103 turns).

theswoord the Shooter (Deep Elf Hunter)             Turns: 1103, Time: 00:01:36

Health: -1/25      AC:  4    Str: 10    XL:     4   Next: 13%
Magic:  6/6        EV: 12    Int: 14    God:
Gold:   70         SH:  0    Dex: 18    Spells: 3/3 levels left

rFire   . . .      SeeInvis .    a - +0 shortbow
rCold   . . .      Faith    .    (shield currently unavailable)
rNeg    . . .      Spirit   .    c - +1 leather armour
rPois   .          Reflect  .    (no helmet)
rElec   .          Harm     .    (no cloak)
rCorr   .          Rampage  .    (no gloves)
Will    .....                    (no boots)
Stlth   ++                       (no amulet)
HPRegen 0.24/turn                (no ring)
MPRegen 0.10/turn                (no ring)

@: hasted, very quick
A: no striking features
a: no special abilities


You were on level 2 of the Dungeon.
You visited 1 branch of the dungeon, and saw 2 of its levels.

You collected 70 gold pieces.

Inventory:

Hand Weapons
 a - a +0 shortbow (weapon)
Armour
 c - a +1 leather armour (worn)
Scrolls
 b - a scroll of immolation
 f - 2 scrolls of identify
Potions
 d - a potion of curing


   Skills:
 - Level 1.5 Fighting
 + Level 7.5 Ranged Weapons
 - Level 2.4 Dodging
 - Level 1.2 Stealth


You had 3 spell levels left.
You didn't know any spells.
Your spell library was empty.

Dungeon Overview and Level Annotations

Branches:
Dungeon (2/15)

Altars:

Annotations:
D:2 Terence


Message History

A rat comes into view.
You shoot an arrow. The arrow hits the rat.
You kill the rat!
No target in view!
No target in view!
You see here a rat corpse.
Terence the Incautious comes into view.
He is wielding a +0 flail.
You shoot an arrow. The arrow completely misses Terence.
Terence shouts!
Terence is nearby!
You shoot an arrow. The arrow closely misses Terence.
Terence is nearby!
You shoot an arrow.
The arrow hits Terence but does no damage.
You shoot an arrow. The arrow closely misses Terence.
You shoot an arrow. The arrow hits Terence.
Terence misses you.
You shoot an arrow.
The arrow hits Terence but does no damage.
Terence hits you with a +0 flail.
You shoot an arrow. The arrow hits Terence.
Terence barely misses you.
You shoot an arrow. The arrow completely misses Terence.
Terence hits you with a +0 flail!
You feel yourself speed up. Terence hits you with a +0 flail.
* * * LOW HITPOINT WARNING * * *
You shoot an arrow.
The arrow hits Terence but does no damage.
Terence hits you with a +0 flail!
* * * LOW HITPOINT WARNING * * *
You shoot an arrow. The arrow hits Terence.
Terence barely misses you.
You shoot an arrow.
The arrow hits Terence but does no damage.
Terence hits you with a +0 flail.
* * * LOW HITPOINT WARNING * * *
You shoot an arrow. The arrow barely misses Terence.
Terence closely misses you.
You shoot an arrow. The arrow closely misses Terence.
You shoot an arrow.
The arrow hits Terence but does no damage.
Terence hits you with a +0 flail.
You die...

.........# ........#
#. ........### #.
##........# #.
.##.######.# #.
......# #.# #.
###.#.####.# #.
#.#......# #@######
#.######## #.@....#
#.################.#
#.......†..........#
####################


You could see Terence.

Vanquished Creatures
  3 adders (D:2)
  A worm (D:2)
  A dart slug (D:1)
  7 bats
  3 endoplasms (D:1)
  2 giant cockroaches
  2 hobgoblins (D:1)
  3 quokkas (D:2)
  2 ball pythons (D:1)
  6 frilled lizards
  6 goblins
  4 kobolds
  5 rats
45 creatures vanquished.

Notes
Turn   | Place    | Note
-------+----------+-------------------------------------------
     0 | D:1      | theswoord the Deep Elf Hunter began the quest for the Orb.
     0 | D:1      | Reached XP level 1. HP: 12/12 MP: 3/3
    93 | D:1      | Reached skill level 6 in Ranged Weapons
    93 | D:1      | Reached XP level 2. HP: 16/16 MP: 4/4
   566 | D:1      | Reached XP level 3. HP: 20/20 MP: 5/5
   823 | D:2      | Reached skill level 7 in Ranged Weapons
   931 | D:2      | Reached XP level 4. HP: 25/25 MP: 6/6
  1088 | D:2      | Noticed Terence
  1103 | D:2      | Slain by Terence

Skill      XL: |  1  2  3 |
---------------+----------+-----
Ranged Weapons | 6 7 |  7.5
Fighting       | |  1.5
Dodging        | |  2.4
Stealth        | |  1.2

Action                     |  1- 3 |  4- 6 || total
---------------------------+-------+-------++-------
   Fire: Shortbow          |    85 |    42 ||   127
    Use: Scroll            |     6 |       ||     6
         Potion            |       |     1 ||     1
 Armour: Leather armour    |    12 |     3 ||    15
  Dodge: Dodged            |    10 |    14 ||    24

Levels and vault maps discovered:
D:1:      minmay_arrival_arboretum_small, layout_basic, minmay_misc_feat_pillars
D:2:      layout_basic, nrook_uturn, uniq_terence, uniq_sigmund, uniq_natasha
